 Dungeon Crawl Stone Soup version 0.31-a0-204-g7da18cac08 (webtiles) character file.

Game seed: 4568742888424703474

63 qw the Shooter (level 3, -8/20 HPs)
             Began as a Deep Elf Hunter on June 27, 2023.
             Mangled by Sigmund
             ... wielding a +0 scythe
              (9 damage)
             ... on level 2 of the Dungeon.
             The game lasted 00:00:24 (1298 turns).

qw the Shooter (Deep Elf Hunter)                    Turns: 1298, Time: 00:00:24

Health: -8/20      AC:  5    Str: 10    XL:     3   Next: 87%
Magic:  5/5        EV: 11    Int: 13    God:
Gold:   160        SH:  0    Dex: 18    Spells: 2/2 levels left

rFire   . . .        Y - +0 shortbow
rCold   . . .        (shield currently unavailable)
rNeg    . . .        d - +0 ring mail
rPois   .            (no helmet)
rElec   .            (no cloak)
rCorr   .            (no gloves)
SInv    .            (no boots)
Will    .....        (no amulet)
Stlth   +            (no ring)
HPRegen 0.23/turn    (no ring)
MPRegen 0.09/turn

%: no passive effects
@: no status effects
A: no striking features
a: no special abilities


You were on level 2 of the Dungeon.
You visited 1 branch of the dungeon, and saw 2 of its levels.

You collected 160 gold pieces.


   Skills:
 - Level 1.5 Fighting
 + Level 7.3 Ranged Weapons
 - Level 2.4 Dodging
 - Level 1.2 Stealth


You had 2 spell levels left.
You didn't know any spells.
Your spell library was empty.

Inventory:

Hand Weapons
 Y - a +0 shortbow (weapon)
Armour
 d - a +0 ring mail (worn)
Scrolls
 a - a scroll of identify
 c - 2 scrolls of fear {unknown}
 h - a scroll of revelation {unknown}
Potions
 b - 2 potions of degeneration {unknown}
 e - 3 potions of curing {unknown}
 f - a potion of heal wounds {unknown}
 g - a potion of haste {unknown}

Dungeon Overview and Level Annotations

Branches:
Dungeon (2/15)

Altars:

Annotations:
D:2 Sigmund


Message History

Sigmund is lightly wounded.
You shoot an arrow. The arrow hits Sigmund.
Sigmund is moderately wounded.
Sigmund hits you from afar with a +0 scythe!
You shoot an arrow. The arrow closely misses Sigmund.
Sigmund gestures at you while chanting. You resist with some effort.
You shoot an arrow. The arrow barely misses the kobold.
The arrow hits the goblin but does no damage.
The kobold hits you but does no damage.
Sigmund hits you from afar with a +0 scythe.
The kobold hits you but does no damage.
You shoot an arrow.
The arrow hits the kobold but does no damage.
The goblin hits you but does no damage. The kobold misses you.
Sigmund closely misses you.
You shoot an arrow. The arrow barely misses the kobold.
The goblin barely misses you. The kobold completely misses you.
You shoot an arrow. The arrow hits the kobold.
You kill the kobold!
Sigmund hits you from afar with a +0 scythe.
The goblin hits you but does no damage.
You shoot an arrow. The arrow hits the goblin!
You kill the goblin!
Sigmund gestures at you while chanting. The puff of flame hits you.
You shoot an arrow. The arrow barely misses Sigmund.
Sigmund barely misses you.
You shoot an arrow. The arrow closely misses Sigmund.
Sigmund hits you from afar with a +0 scythe.
You shoot an arrow. The arrow barely misses Sigmund.
Sigmund hits you but does no damage.
You shoot an arrow. The arrow hits Sigmund.
Sigmund is moderately wounded.
You shoot an arrow. The arrow hits Sigmund.
Sigmund is moderately wounded.
Sigmund hits you from afar with a +0 scythe.
You shoot an arrow. The arrow barely misses Sigmund.
Sigmund hits you from afar with a +0 scythe!
You die...

#... #>...# #.## ######
.#. ...## ..##.# ..
....## #..#.# #.#
.....## #...###..#
%.....## #....#..#####
.......## #.#.........
....##..#####....#.?....
...####........#@).)....
#### ######....%)..)...
##########..%..###@.....
.............%..........
########......####......
#......# ..... #......#
.... ######## ##..


You could see Sigmund.

Vanquished Creatures
  Jessica (D:2)
  2 dart slugs (D:2)
  2 ball pythons
  4 endoplasms
  2 hobgoblins
  2 jackals (D:2)
  2 quokkas
  5 bats (D:2)
  2 frilled lizards (D:2)
  4 goblins
  4 kobolds
  2 rats (D:1)
32 creatures vanquished.

Notes
Turn   | Place    | Note
-------+----------+-------------------------------------------
     0 | D:1      | qw the Deep Elf Hunter began the quest for the Orb.
     0 | D:1      | Reached XP level 1. HP: 12/12 MP: 3/3
     0 | D:1      | 0 ||| qw: Version: 0.3-a-22-g0ed2b0b
     0 | D:1      | 0 ||| qw: Game counter: 6425
     0 | D:1      | 0 ||| qw: Melee chars always use a shield: true
     0 | D:1      | 0 ||| qw: God list: Okawaru
     0 | D:1      | 0 ||| qw: Allow faded altars: false
     0 | D:1      | 0 ||| qw: Do Orc after clearing Dungeon:15 true
     0 | D:1      | 0 ||| qw: Do second Lair branch before Depths: true
     0 | D:1      | 0 ||| qw: Lair rune preference: random
     0 | D:1      | 0 ||| qw: Goals: Normal
     0 | D:1      | 0 ||| PLANNING D:1-11
   415 | D:1      | Reached skill level 6 in Ranged Weapons
   415 | D:1      | Reached XP level 2. HP: 16/16 MP: 4/4
   897 | D:1      | 897 ||| UPGRADING to +0 ring mail.
   907 | D:1      | 907 ||| DROPPING +0 leather armour.
   908 | D:1      | 908 ||| READING 3 scrolls labelled RABYBR FIULAI.
   909 | D:1      | 909 ||| READING scroll labelled QAEMUR PEVIENK.
   910 | D:1      | 910 ||| READING 2 scrolls of identify.
   910 | D:1      | 910 ||| IDENTIFYING red potion
   911 | D:1      | 911 ||| DROPPING scroll of butterflies.
   912 | D:1      | 912 ||| DROPPING potion of ambrosia.
  1142 | D:2      | Reached XP level 3. HP: 10/20 MP: 5/5
  1269 | D:2      | Noticed Jessica
  1281 | D:2      | Killed Jessica
  1282 | D:2      | Reached skill level 7 in Ranged Weapons
  1282 | D:2      | Noticed Sigmund
  1297 | D:2      | HP: 1/20 [Sigmund/+0 scythe (6)]
  1298 | D:2      | Mangled by Sigmund

Levels and vault maps discovered:
D:1:      minmay_arrival_plants_in_alcoves, layout_basic, nrook_loot_triangle,
          minmay_misc_feat_tiny, chequers_serial_rivers_small_b,
          reono_crystal_passage, nicolae_the_louvre
D:2:      layout_rooms, uniq_jessica, uniq_sigmund

Skill      XL: |  1  2  3 |
---------------+----------+-----
Ranged Weapons | 6 7 |  7.3
Fighting       | |  1.5
Dodging        | |  2.4
Stealth        | |  1.2

Action                     || total
---------------------------++-------
   Fire: Shortbow          ||    94
    Use: Scroll            ||     3
 Armour: Ring mail         ||    20
  Dodge: Dodged            ||    15

Table legend:
 A = Non-vault XP
 B = Vault XP
 C = Vault XP percentage of total XP
 D = Non-vault monster count
 E = Vault monster count
 F = Vault count percentage of total count
                 A         B        C        D         E       F
            +---------+---------+-------+---------+---------+-------
      Total |      53 |      37 |  41.1 |      31 |       1 |   3.1
            +---------+---------+-------+---------+---------+-------
        D:1 |      16 |       0 |   0.0 |      10 |       0 |   0.0
        D:2 |      37 |      37 |  50.0 |      21 |       1 |   4.5
            +---------+---------+-------+---------+---------+-------
